 Dungeon Sprint DCSS version 0.31-a0-1074-g0b22e4e0f1 (webtiles) character file.

Game seed: 4999435072893299824

109 tbh1313 the Cudgeller (level 4, -1/52 HPs)
             Began as an Ogre Berserker on Nov 28, 2023.
             Was a Follower of Trog.
             Slain by Sigmund
             ... wielding a +0 scythe
              (8 damage)
             ... in the Dungeon (Sprint I: "Red Sonja").
             The game lasted 00:01:11 (132 turns).

tbh1313 the Cudgeller (Ogre Berserker)               Turns: 132, Time: 00:01:11

Health: -1/52      AC:  3    Str: 23    XL:     4   Next: 90%
Magic:  4/4        EV: 11    Int:  8    God:    Trog [*.....]
Gold:   54         SH:  0    Dex:  8    Spells: 3/3 levels left

rFire   . . .        a - +0 mace
rCold   . . .        (no shield)
rNeg    . . .        b - +0 animal skin
rPois   .            (helmet restricted)
rElec   .            (no cloak)
rCorr   .            (gloves unavailable)
SInv    .            (boots unavailable)
Will    .....        (no amulet)
Stlth   +            (no ring)
HPRegen 0.28/turn    (no ring)
MPRegen 0.09/turn

%: no teleportation
@: on berserk cooldown, slowed, very slow
A: large, unfitting armour, tough skin 1
a: Renounce Religion, Berserk


You were in the Dungeon.
You worshipped Trog.
Trog was aware of your devotion.
You visited 1 branch You collected 54 gold pieces.

Inventory:

Hand Weapons
 a - a +0 mace (weapon)
 j - a +0 giant spiked club
Armour
 b - a +0 animal skin (worn)
Wands
 i - a wand of iceblast (5)
Scrolls
 h - a scroll of blinking
Potions
 c - a potion of curing
 e - a potion of haste
 f - 2 potions of magic
 g - a potion of berserk rage


   Skills:
 - Level 6.0 Fighting
 + Level 6.3 Maces & Flails
 - Level 6.0 Dodging


You had 3 spell levels left.
You didn't know any spells.
Your spell library was empty.

Dungeon Overview and Level Annotations

Branches:
Dungeon (1/1)

Altars:

Annotations:
D Sigmund


Innate Abilities, Weirdness & Mutations

You are too large for most types of armour.
You have tough skin. (AC +1)


Message History

You're too confused to move!
You feel a strong urge to attack something.
Sigmund hits you from afar with a +0 scythe.
There is an open door here.
You are no longer berserk.
You are exhausted.
You feel yourself slow down.
You're too confused to move!
Sigmund hits you from afar with a +0 scythe!
You are too confused!
Sigmund mumbles some strange words.
Sigmund flickers and vanishes!
Deactivating autopickup; reactivate with Ctrl-A.
There is an open door here.
Something hits you!
You are too confused!
Something hits you but does no damage.
You hear some strange, mumbled words.
You are more confused.
There is an open door here.
You completely miss something. Something hits you.
You're too confused to move!
Something hits you.
You hear some strange, mumbled words.
Something tries to affect you, but you resist.
Something hits you!
* * * LOW HITPOINT WARNING * * *
You feel less confused.
You hear some strange, mumbled words.
A puff of flame appears from out of thin air!
The puff of flame hits you!
* * * LOW HITPOINT WARNING * * *
You feel much better. Something hits you.
You closely miss something.
You hear some strange, mumbled words.
A puff of flame appears from out of thin air!
The puff of flame hits you!
* * * LOW HITPOINT WARNING * * *
Okay, then.
You barely miss something. Something hits you!
You die...

#############
#<.#..'.@#..+
#..)..#..{..#
#..#####'####
#..# #..#
#..# ####
#..# #⌠⌠#
####


There were no monsters in sight!

Levels and vault maps discovered:
D:        dungeon_sprint_1 [red_sonja_temple_1, red_sonja_temple_small_1]

Notes
Turn   | Place    | Note
-------+----------+-------------------------------------------
     0 | D        | tbh1313 the Ogre Berserker began the quest for the Orb.
     0 | D        | Reached XP level 1. HP: 24/24 MP: 1/1
     1 | D        | Noticed Ijyb
    10 | D        | Killed Ijyb
    11 | D        | Reached skill level 5 in Fighting
    11 | D        | Reached XP level 2. HP: 36/36 MP: 2/2
    11 | D        | Reached XP level 3. HP: 44/44 MP: 3/3
    54 | D        | Noticed an ogre
    62 | D        | Killed an ogre
    63 | D        | Reached XP level 4. HP: 52/52 MP: 4/4
   108 | D        | Noticed Sigmund
   129 | D        | HP: 2/52 [something/puff of flame (9)]
   132 | D        | Slain by Sigmund

Table legend: (Time is in decaauts)
 A = Elapsed time spent in this place.
 B = Non-inter-level travel time spent in this place.
 C = Inter-level travel time spent in this place.
 D = Time resting spent in this place.
 E = Time spent auto-exploring this place.
 F = Levels seen in this place.
 G = Mean time per level.
                   A        B        C        D        E       F      G
               +--------+--------+--------+--------+--------+-----+--------+
         Total |    153 |    153 |      0 |     96 |      0 |   1 |  153.0 |
       Dungeon |    153 |    153 |      0 |     96 |      0 |   1 |  153.0 |
               +--------+--------+--------+--------+--------+-----+--------+

Top non-repeatable levels by time:
       D: 153 daAuts

Table legend:
 A = Kills in this place as a percentage of kills in the entire game.
 B = Kills by you in this place as a percentage of kills by you in the entire game.
 C = Kills by friends in this place as a percentage of kills by friends in the entire game.
 D = Other kills in this place as a percentage of other kills in the entire game.
 E = Experience gained in this place as a percentage of experience gained in the entire game.
 F = Experience gained in this place divided by the number of levels of this place that you have seen.
                   A       B       C       D       E      F
               +-------+-------+-------+-------+-------+----------------------
         Total | 100.0 | 100.0 |   N/A |   N/A | 100.0 | 157.0
       Dungeon | 100.0 | 100.0 |   N/A |   N/A | 100.0 | 157.0
               +-------+-------+-------+-------+-------+----------------------

Action                     |  1- 3 |  4- 6 || total
---------------------------+-------+-------++-------
  Melee: Mace              |    15 |     9 ||    24
         Punch             |     1 |       ||     1
 Invoke: Berserk           |     2 |     1 ||     3
    Use: Potion            |       |     1 ||     1
 Armour: Animal skin       |     4 |    14 ||    18
  Dodge: Dodged            |     4 |     1 ||     5

Vanquished Creatures
  An ogre (D)
  Ijyb (D)
2 creatures vanquished.
